 Dungeon Crawl Stone Soup version 0.29.1-1-gd02db6906a (webtiles) character file.

Game seed: 14012422853653513284

28932 smilodon the Grappler (level 13, -1/124 HPs)
             Began as a Troll Fighter on Sept 18, 2022.
             Was the Champion of Zin.
             Shot with an arrow by Nessos (9 damage)
             ... on level 2 of the Orcish Mines.
             The game lasted 00:38:11 (13285 turns).

smilodon the Grappler (Troll Fighter)              Turns: 13285, Time: 00:38:13

Health: -1/124     AC: 12    Str: 35    XL:     13   Next: 12%
Magic:  20/20      EV: 20    Int:  6    God:    Zin [******]
Gold:   1540       SH: 11    Dex: 16    Spells: 12/12 levels left

rFire   . . .      SeeInvis .     - Unarmed
rCold   . . .      Faith    .   s - +1 kite shield of Liuwnob {Will- Dex+7}
rNeg    . . .      Spirit   .   A - +3 steam dragon scales
rPois   .          Reflect  .   S - +2 hat
rElec   +          Harm     .   V - scarf {+Inv}
rCorr   .          Rampage  .   (gloves unavailable)
Will    .....                   (boots unavailable)
Stlth   +.........              u - amulet of the acrobat
HPRegen 1.10/turn               R - +4 ring of evasion
MPRegen 0.17/turn               W - ring of Reesat {rElec EV+4 Str+4 Int+2}

@: lethally poisoned (-1 -> -17)
A: large, unfitting armour, claws 3, regeneration 1, shaggy fur 1, tough skin 1
a: Renounce Religion, Evoke Invisibility, Recite, Vitalisation, Imprison,
Sanctuary, Donate Gold


You were on level 2 of the Orcish Mines.
You worshipped Zin.
Zin was exalted by your worship.
You visited 2 branches of the dungeon, and saw 15 of its levels.
You also visited: Ossuary, Bailey and Gauntlet.

You collected 1711 gold pieces.
You donated 171 gold pieces to Zin.

Inventory:

Missiles
 f - 23 boomerangs (quivered)
Armour
 a - a +1 robe
 b - a +0 kite shield
 j - a +0 cloak
 s - the +1 kite shield of Liuwnob (worn) {Will- Dex+7}
   (You acquired it on level 1 of the Orcish Mines)

   Dex:       It affects your dexterity (+7).
   Will:      It decreases your willpower.
 w - the +1 robe of Kobbesyd {Regen+ Dex+2}
   (You found it on level 4 of the Dungeon)

   Dex:       It affects your dexterity (+2).
   Regen:     It increases your rate of health regeneration.
 A - +3 steam dragon scales (worn)
 I - a +2 robe of positive energy
 L - a scarf of harm
 S - a +2 hat (worn)
 V - a scarf of invisibility (worn)
Jewellery
 m - an amulet of faith
 t - a ring of resist corrosion
 u - an amulet of the acrobat (around neck)
 C - a ring of protection from cold
 D - the ring "Ytideq Dain" {MP+9 Str+6}
   (You acquired it on level 8 of the Dungeon)

   [ring of magical power]

   Str:       It affects your strength (+6).
   MP:        It affects your magic capacity (+9).
 F - a ring of ice
 K - a ring of positive energy
 R - a +4 ring of evasion (left claw)
 W - the ring of Reesat (right claw) {rElec EV+4 Str+4 Int+2}
   (You found it in a Gauntlet)

   [ring of evasion]

   EV:        It affects your evasion (+4).
   Str:       It affects your strength (+4).
   Int:       It affects your intelligence (+2).
   rElec:     It insulates you from electricity.
Wands
 x - a wand of polymorph (10)
 B - a wand of flame (40)
 E - a wand of roots (4)
 N - a wand of light (6)
 O - a wand of charming (5)
 U - a wand of mindburst (9)
Scrolls
 g - 4 scrolls of vulnerability
 l - 7 scrolls of noise
 o - 5 scrolls of poison
 q - a scroll of teleportation
 y - 5 scrolls of immolation
 H - 3 scrolls of magic mapping
 M - 2 scrolls of enchant weapon
 Q - a scroll of summoning
 X - 2 scrolls of silence {unknown}
 Y - a scroll of fear {unknown}
Potions
 c - 4 potions of flight
 d - 2 potions of attraction
 e - 5 potions of curing
 h - 4 potions of resistance
 i - 4 potions of berserk rage
 k - 3 potions of mutation
 n - 3 potions of brilliance
 p - 10 potions of ambrosia
 r - 3 potions of lignification {unknown}
 v - a potion of degeneration {unknown}
 z - 5 potions of magic {unknown}
 J - a potion of cancellation {unknown}
 P - a potion of haste
Miscellaneous
 T - a box of beasts


   Skills:
 + Level 7.0 Fighting
 + Level 7.0 Dodging
 + Level 7.6 Shields
 + Level 13.3 Unarmed Combat
 + Level 11.3 Invocations
 + Level 1.8 Evocations


You had 12 spell levels left.
You didn't know any spells.
Your spell library contained the following spells:

 Spells                   Type           Power      Damage    Failure   Level
 Foxfire                  Conj/Fire      0%         2x1d4     69%         1
 Sublimation of Blood     Necr           0%         N/A       83%         2
 Wereblood                Tmut           0%         N/A       83%         2
 Call Canine Familiar     Summ           0%         N/A       96%         3
 Conjure Flame            Conj/Fire      0%         6-21      96%         3
 Inner Flame              Hex/Fire       0%         N/A       96%         3
 Portal Projectile        Hex/Tloc       0%         N/A       96%         3
 Flame Wave               Conj/Fire      0%         2d4       100%        4
 Leda's Liquefaction      Hex/Erth       0%         N/A       100%        4
 Passage of Golubria      Tloc           0%         N/A       100%        4
 Summon Ice Beast         Ice/Summ       0%         N/A       100%        4
 Silence                  Hex/Air        0%         N/A       100%        5
 Summon Mana Viper        Hex/Summ       0%         N/A       100%        5
 Monstrous Menagerie      Summ           0%         N/A       100%        7
 Summon Hydra             Summ           0%         N/A       100%        7
 Lehudib's Crystal Spear  Conj/Erth      0%         10d2      100%        8
 Maxwell's Capacitive Co  Air            0%         ∞         100%        8
 Shatter                  Erth           0%         3d5*      100%        9


Dungeon Overview and Level Annotations

Branches:
Dungeon (13/15)            Temple (0/1) D:6            Lair (0/5) D:10
    Orc (2/2) D:10            Elf (0/3) Orc:2       Ossuary (visited)
 Bailey (visited)         Gauntlet (visited)
 Vaults: D:13-14

Altars:
Kikubaaqudgha
Okawaru
Vehumet
Wu Jian
Zin

Shops:
D:7 *   D:12 *   Orc:2 (=[

Annotations:
D:12 3 runed translucent doors, Juruqida's ghost, journeyman HOFi
Orc:2 Nessos


Innate Abilities, Weirdness & Mutations

You are too large for most types of armour.
You have claws for hands.
Your natural rate of healing is unusually fast.
You are covered in fur. (AC +1)
You have tough skin. (AC +1)


Message History

The orc warrior hits you but does no damage.
You claw Nessos!
Nessos is almost dead.
You feel sick.
Nessos casts a spell.
Nessos blinks!
The orc warrior misses you.
You completely miss the orc warrior.
You feel sick. You block the orc warrior's attack.
You mangle the orc warrior!!
You kill the orc warrior!
You feel sick.
Nessos mumbles some strange words.
Nessos blinks!
The orc closely misses you.
Nessos wields a +2 longbow of flaming.
It bursts into flame!
Nessos shoots an arrow.
The arrow hits you! The arrow burns you!
You are more poisoned.
* * * LOW HITPOINT WARNING * * *
You mangle the orc!!
You kill the orc!
You feel very sick.
Nessos shoots an arrow.
The arrow misses you.
You feel very sick.
Nessos casts a spell.
Nessos blinks!
Nessos unwields a +2 longbow of flaming.
It stops flaming.
You block Nessos's attack. x2
You claw Nessos!
Nessos is almost dead.
You feel very sick. Nessos barely misses you. Nessos misses you.
Nessos casts a spell.
Nessos blinks!
You block the orc's attack.
You claw the orc!
You kill the orc!
You feel sick.
Nessos wields a +2 longbow of flaming.
It bursts into flame!
Nessos shoots an arrow.
The arrow hits you!!
* * * LOW HITPOINT WARNING * * *
The arrow burns you!
You are lethally poisoned!
You die...

...........###....#....# #...#..
...........##.....#....###....#..
.....####........####.......#.# .
...### ##.......##.........#
.....####........###......>.#
......##........###..........
......#..........##.......... #
.................).......#....#.
###....)).......@)......##......
##.....)...##....§.)...## ##....
##.....)...####......### #......
##..........# #.......###.......
#.........#####.................
..............§...##.c..).o.....
......#...........#.........#.#.
....#.##.........##...<....##
....####........#####.#..$.#


You could see Nessos (fast).

Vanquished Creatures
  A minotaur (Gauntlet)
  5 vault guards (D:13)
  A two-headed ogre (D:12)
  4 orc high priests (Orc:2)
  Pikel (D:6)
  2 orc knights
  A harpy (D:13)
  A manticore (D:13)
  3 orc sorcerers (Orc:2)
  An ugly thing (D:13)
  A large abomination (Gauntlet)
  A cyclops (D:10)
  Maurice (D:8)
  Joseph (D:8)
  A kobold demonologist (D:9)
  Maggie (D:7)
  A gargoyle (D:12)
  A komodo dragon (D:10)
  An ice devil (Gauntlet)
  7 trolls
  A queen bee (D:11)
  2 hornets
  Grinder (D:6)
  4 slime creatures (D:12)
  Sigmund (D:6)
  3 shadows
  16 yaks
  2 humans (D:13)
  2 wraiths
  A wyvern (D:8)
  4 vampire mosquitoes (D:11)
  A steam dragon (D:6)
  5 wargs (Orc:2)
  An acid dragon (D:9)
  3 water moccasins
  An ice beast (D:8)
  17 orc warriors
  2 black bears
  7 ogres
  3 centaurs
  A lemure (D:6)
  6 bullfrogs
  A necrophage (D:8)
  2 scorpions
  A gnoll sergeant (D:9)
  15 wights
  24 killer bees (D:11)
  2 electric eels (D:10)
  8 howler monkeys
  2 jellies
  5 hounds
  23 orc priests
  Crazy Yiuf (D:2)
  Jessica (D:2)
  3 iguanas
  15 orc wizards
  8 mummies (Ossuary)
  A boggart simulacrum (D:13)
  9 gnolls
  5 adders
  A shadow imp (D:7)
  6 white imps
  2 ufetubi
  A worm (D:2)
  A dart slug (D:1)
  83 orcs
  4 bats
  An endoplasm (D:3)
  4 giant cockroaches (D:1)
  11 goblins
  8 hobgoblins
  11 jackals
  2 quokkas
  10 ball pythons
  5 frilled lizards
  A gnoll zombie (Ossuary)
  2 hobgoblin zombies (Ossuary)
  3 kobolds
  3 kobold zombies (Ossuary)
  2 orc zombies (Ossuary)
  5 rats
412 creatures vanquished.

Vanquished Creatures (others)
  A human (D:13)
  An orc (Orc:2)
  13 plants
  26 withered plants (Gauntlet)
41 creatures vanquished.

Grand Total: 453 creatures vanquished

Notes
Turn   | Place    | Note
-------+----------+-------------------------------------------
     0 | D:1      | smilodon the Troll Fighter began the quest for the Orb.
     0 | D:1      | Reached XP level 1. HP: 22/22 MP: 0/0
    66 | D:1      | Reached XP level 2. HP: 25/29 MP: 1/1
   656 | D:2      | Found a faded altar of an unknown god.
   681 | D:2      | Reached XP level 3. HP: 36/36 MP: 2/2
   755 | D:2      | Noticed Jessica
   760 | D:2      | Killed Jessica
   816 | D:2      | Found a runed translucent door.
   817 | D:2      | Noticed Crazy Yiuf
  1243 | D:2      | Killed Crazy Yiuf
  1244 | D:2      | Reached XP level 4. HP: 34/45 MP: 3/3
  1313 | D:3      | Reached skill level 3 in Unarmed Combat
  1412 | D:3      | Reached XP level 5. HP: 40/53 MP: 4/4
  1437 | D:3      | Found an iron altar of Okawaru.
  1900 | D:4      | Identified the +1 robe of Kobbesyd {Regen+ Dex+2}
  2528 | D:5      | Entered Level 5 of the Dungeon
  2536 | D:5      | Noticed an ogre
  2549 | D:5      | Killed an ogre
  2550 | D:5      | Reached XP level 6. HP: 53/61 MP: 5/5
  2669 | D:5      | Found a radiant altar of Vehumet.
  2673 | D:5      | Reached skill level 4 in Unarmed Combat
  2696 | D:5      | Reached XP level 7. HP: 67/68 MP: 6/6
  2719 | D:5      | Identified the +7 chain mail "Riff" {rPois rN+ Slay+3}
  2842 | D:5      | Reached skill level 5 in Unarmed Combat
  3071 | D:5      | Found a glowing silver altar of Zin.
  3072 | D:5      | Found an ancient bone altar of Kikubaaqudgha.
  3075 | D:5      | Became a worshipper of Zin the Law-Giver
  3075 | D:5      | Reached * piety under Zin
  3230 | D:6      | Reached skill level 1 in Invocations
  3298 | D:6      | Noticed Grinder
  3311 | D:6      | Killed Grinder
  3312 | D:6      | Reached skill level 6 in Unarmed Combat
  3322 | D:6      | Reached XP level 8. HP: 77/78 MP: 7/9
  3346 | D:6      | Found an ornate altar of the Wu Jian Council.
  3375 | D:6      | Reached skill level 7 in Unarmed Combat
  3488 | D:6      | Reached ** piety under Zin
  3621 | D:6      | Found a staircase to the Ecumenical Temple.
  3642 | D:6      | Noticed Pikel
  3678 | D:6      | Killed Pikel
  3679 | D:6      | Reached skill level 8 in Unarmed Combat
  3679 | D:6      | Reached skill level 5 in Invocations
  3679 | D:6      | Reached XP level 9. HP: 70/84 MP: 10/12
  3751 | D:6      | Noticed Sigmund
  3760 | D:6      | Killed Sigmund
  4022 | D:7      | Noticed Maggie
  4044 | D:7      | Killed Maggie
  4045 | D:7      | Reached skill level 9 in Unarmed Combat
  4092 | D:7      | Paralysed by a hornet for 2 turns
  4104 | D:7      | HP: 4/84 [poisoned by a hornet]
  4537 | D:7      | Found Cibepaif's CLEARANCE SALE!.
  4593 | D:7      | Reached *** piety under Zin
  4814 | D:8      | Found a sand-covered staircase.
  4819 | D:8      | Reached skill level 10 in Unarmed Combat
  4820 | D:8      | Reached XP level 10. HP: 84/92 MP: 14/14
  4849 | Ossuary  | Entered an ossuary
  4928 | Ossuary  | Reached **** piety under Zin
  4994 | Ossuary  | Reached ***** piety under Zin
  5254 | D:8      | Paralysed by a hornet for 2 turns
  5258 | D:8      | Paralysed by a hornet for 1 turns
  5262 | D:8      | HP: 1/92 [hornet (13)]
  5391 | D:8      | Noticed Maurice
  5398 | D:8      | Killed Maurice
  5400 | D:8      | Noticed Joseph
  5414 | D:8      | Killed Joseph
  5489 | D:8      | Reached skill level 11 in Unarmed Combat
  5509 | D:8      | Identified a scroll of acquirement
  5509 | D:8      | Acquired the ring "Ytideq Dain" {MP+9 Str+6}
  6724 | D:10     | Entered Level 10 of the Dungeon
  6737 | D:10     | Reached XP level 11. HP: 93/100 MP: 17/17
  6800 | D:10     | Found a staircase to the Orcish Mines.
  6848 | D:10     | Found a flagged portal.
  6864 | Bailey   | Entered a bailey
  6896 | Bailey   | Reached ****** piety under Zin
  6996 | Bailey   | Noticed an orc knight
  7035 | Bailey   | Killed an orc knight
  7573 | D:10     | Reached skill level 5 in Shields
  7662 | D:10     | Found a staircase to the Lair.
  7742 | D:10     | Reached skill level 12 in Unarmed Combat
  8344 | D:11     | Reached skill level 10 in Invocations
  8374 | D:11     | Reached skill level 5 in Fighting
  8444 | D:11     | Reached skill level 5 in Dodging
  9046 | D:12     | Noticed a two-headed ogre
  9049 | D:12     | Killed a two-headed ogre
  9109 | D:12     | Identified the +0 leather armour of the Bagpipe {Fly}
  9155 | D:12     | Identified the +5 sling of Cajiagre {venom, Drain rElec
                  | rPois rN++}
  9308 | D:12     | Got the Secrets of Charged Geology
  9452 | D:12     | Found a runed translucent gate.
  9453 | D:12     | Found a runed translucent gate.
  9454 | D:12     | Found a runed translucent gate.
  9455 | D:12     | Noticed an orc knight
  9456 | D:12     | Noticed a merfolk impaler
  9457 | D:12     | Noticed a deep elf archer
  9461 | D:12     | Reached XP level 12. HP: 111/113 MP: 18/18
  9461 | D:12     | Noticed Juruqida's ghost (journeyman HOFi)
  9549 | D:12     | Found Luript's General Store.
  9626 | D:12     | Found an iron altar of Okawaru.
  9646 | D:13     | Found a gate leading to a gauntlet.
  9651 | Gauntlet | Entered a Gauntlet
  9651 | Gauntlet | Found a transporter.
  9661 | Gauntlet | Found a transporter.
  9676 | Gauntlet | Found a transporter.
  9681 | Gauntlet | Found a transporter.
  9690 | Gauntlet | Noticed a blizzard demon
  9696 | Gauntlet | Found a transporter.
  9715 | Gauntlet | Found a transporter.
  9727 | Gauntlet | Found a transporter.
  9735 | Gauntlet | Noticed a death yak
  9737 | Gauntlet | Noticed a death yak
  9738 | Gauntlet | Noticed a death yak
  9738 | Gauntlet | Noticed a death yak
  9739 | Gauntlet | Found a transporter.
  9739 | Gauntlet | Noticed a death yak
  9739 | Gauntlet | Noticed a death yak
  9745 | Gauntlet | Found a transporter.
  9760 | Gauntlet | Found a transporter.
  9772 | Gauntlet | Found a transporter.
  9789 | Gauntlet | Found a transporter.
  9807 | Gauntlet | Found a transporter.
  9809 | Gauntlet | Found a transporter.
  9836 | Gauntlet | Found a transporter.
  9854 | Gauntlet | Found a transporter.
  9856 | Gauntlet | Found a transporter.
  9962 | Gauntlet | Noticed a quicksilver ooze
  9970 | Gauntlet | Found a transporter.
 10275 | Gauntlet | Identified the ring of Reesat {rElec EV+4 Str+4 Int+2}
 10311 | Gauntlet | HP: 5/113 [quicksilver ooze (8)]
 10592 | Gauntlet | Noticed a minotaur
 10608 | Gauntlet | Killed a minotaur
 10875 | D:13     | Noticed a seven-headed hydra
 11018 | D:13     | Noticed a tengu warrior
 11020 | D:13     | Noticed a tengu warrior
 11020 | D:13     | Noticed a tengu warrior
 11142 | D:13     | Identified the +4 leather armour "Gututwio" {Drain rElec
                  | Int+9 Slay-3}
 11211 | D:13     | Noticed a vault guard
 11211 | D:13     | Noticed a vault guard
 11216 | D:13     | Noticed a vault guard
 11216 | D:13     | Noticed a vault guard
 11218 | D:13     | Noticed a vault guard
 11220 | D:13     | Killed a vault guard
 11252 | D:13     | Killed a vault guard
 11260 | D:13     | Killed a vault guard
 11272 | D:13     | Killed a vault guard
 11273 | D:13     | Reached skill level 13 in Unarmed Combat
 11278 | D:13     | HP: 5/115 [vault guard/+2 vorpal great mace (17)]
 11278 | D:13     | HP: 1/115 [vault guard/+2 vorpal great mace (4)]
 12393 | D:13     | Killed a vault guard
 12467 | Orc:1    | Entered Level 1 of the Orcish Mines
 12538 | Orc:1    | Acquired the +1 kite shield of Liuwnob {Will- Dex+7}
 12564 | Orc:2    | Entered Level 2 of the Orcish Mines
 12620 | Orc:2    | Found a staircase to the Elven Halls.
 12690 | Orc:2    | Found Reonalli's Firing Range.
 12800 | Orc:2    | Noticed an orc high priest
 12813 | Orc:2    | Killed an orc high priest
 12814 | Orc:2    | Reached skill level 1 in Evocations
 12908 | Orc:2    | Noticed an orc high priest
 12917 | Orc:2    | Noticed an orc high priest
 12922 | Orc:2    | Killed an orc high priest
 13029 | Orc:2    | Found Noschie's Jewellery Shop.
 13029 | Orc:2    | Found Fass's Armour Shoppe.
 13033 | Orc:2    | Noticed an orc high priest
 13035 | Orc:2    | Killed an orc high priest
 13036 | Orc:2    | Reached XP level 13. HP: 114/123 MP: 20/20
 13177 | Orc:2    | Paralysed by an orc sorcerer for 2 turns
 13261 | Orc:2    | Noticed Nessos
 13285 | Orc:2    | Shot with an arrow by Nessos

Illustrated notes

Levels and vault maps discovered:
D:1:      grunt_arrival_lava_bath, layout_basic
D:2:      layout_basic, dreamdust_ecumenical_altar_grove, serial_park_tiny_2,
          minmay_cut_off, uniq_crazy_yiuf_cottage, uniq_jessica
D:3:      layout_loops_ring, okawaru_ov_weapons_minmay,
          small_statue_intersection
D:4:      layout_loops_cross
D:5:      layout_basic, vehumet_crystals, mainiacjoe_overflow_divided_tiny,
          serial_bayou, serial_bayou_pond_c, serial_bayou_lagoon_a,
          serial_bayou_pond_c, serial_bayou_ford_a, minmay_holes
D:6:      layout_basic, nicolae_wu_jian_wuxing_cycle, temple_green,
          kennysheep_generic_room_8, uniq_sigmund, uniq_pikel, uniq_grinder
D:7:      layout_rooms, nicolae_shop_clearance, uniq_maggie
D:8:      layout_rooms, enter_ossuary_3, uniq_joseph, uniq_maurice
D:9:      layout_basic
D:10:     layout_basic, david_lair_shrubbed, erik_orc_3, enter_bailey_3,
          lightli_minifort
D:11:     layout_roguey [special_room_bee]
D:12:     layout_gridville, serial_shops, shop, gammafunk_ghost_fury_of_okawaru
D:13:     layout_roguey, ximxim_vaults_locker_room, gauntlet_entry_generic,
          hangedman_aviary
Orc:1:    layout_diamond_mine
Orc:2:    st_orc_town, layout_diamond_mine, basic_altar, nicolae_alphabet_shops,
          nicolae_shop_firing_range, uniq_nessos, uniq_jorgrun, uniq_saint_roka

Skill      XL: |  1  2  3  4  5  6  7  8  9 10 11 12 13 |
---------------+----------------------------------------+-----
Shields        | 3 4 6 7 |  7.6
Fighting       | 3 4 5 6 7 |  7.0
Dodging        | 3 4 5 6 7 |  7.0
Unarmed Combat | 3 4 6 8 10 11 12 13 | 13.3
Invocations    | 3 5 7 9 10 11 | 11.3
Evocations     | 1 |  1.8

Action                   |  1- 3 |  4- 6 |  7- 9 | 10-12 | 13-15 || total
-------------------------+-------+-------+-------+-------+-------++-------
Melee: Unarmed           |    86 |   152 |   231 |   785 |    31 ||  1285
       Whip              |       |       |       |     2 |       ||     2
Throw: Boomerang         |       |     2 |       |     2 |       ||     4
Invok: Recite            |       |       |     1 |     5 |       ||     6
       Vitalisation      |       |       |       |     5 |       ||     5
       Sanctuary         |       |       |       |     2 |       ||     2
Evoke: Wand              |       |       |       |    17 |       ||    17
  Use: Potion            |     1 |       |     5 |    14 |       ||    20
       Scroll            |       |     2 |     8 |    22 |       ||    32
 Stab: Sleeping          |       |       |       |     1 |       ||     1
       Invisible         |       |       |       |     5 |       ||     5
       Paralysed         |       |       |       |     3 |       ||     3
Armor: Robe              |    18 |    51 |    49 |   120 |       ||   238
       Steam dragon scal |       |       |       |    19 |     7 ||    26
Dodge: Dodged            |    16 |    76 |   139 |   537 |    37 ||   805
Block: Kite shield       |    32 |    66 |   120 |   368 |    19 ||   605
